cohdb
Replays
Latest Replays
All Replays
Popular Replays
Top Player Replays
Match Explorer
How It Works
Community
CoH3 Stats
Reddit
Sign in to upload your games and track your stats! →
Sign in with Steam
Match 42234836
Unlisted
Match 42234836
Overview
Messages
Build Orders
End
Panzerpioneer Squad
250 Light Carrier
Selects Panzerjäger Kommand Battlegroup
Selects Mine Fields
Panzergrenadier Squad
Panzergrenadier Squad
Construct Light Support Kompanie
Panzerjäger Squad
MG34 Team
Selects Defensive Positions
Fire Support Elements
Flakvierling Half-track
Selects Tank Busters
2.5-tonne Medical Truck
Veteran Squad Leaders
Construct Panzerarmee Kommand
Armored Reserves
Panzer IV Assault Group
Vehicle Survival Package
Magicstick
Bitcherry
dan legend
riecheLoch47
0
0
Comments
sign in to comment!
No comments posted yet!